 Dungeon Crawl Stone Soup version 0.18.1-5-g4a78601 (webtiles) character file.

6994 mopl the Destroyer (level 10, -4/56 HPs)
             Began as a Deep Elf Conjurer on May 9, 2016.
             Was an Elder of Vehumet.
             Slain by Wooh's ghost (13 damage)
             ... on level 1 of the Lair of Beasts.
             The game lasted 00:34:52 (10658 turns).

mopl the Destroyer (Deep Elf Conjurer)             Turns: 10658, Time: 00:34:52

Health: -4/56      AC:  5    Str:  5    XL:     10   Next: 81%
Magic:  0/25       EV: 15    Int: 24    God:    Vehumet [****..]
Gold:   339        SH:  0    Dex: 15    Spells: 7 memorised, 4 levels left

rFire  . . .     SeeInvis .     a - +2 whip (drain)
rCold  . . .     Gourm    .     q - +0 robe {rN+}
rNeg   + . .     Faith    .     (no shield)
rPois  .         Spirit   .     A - +0 helmet
rElec  .         Dismiss  .     O - +0 cloak
rCorr  .         Reflect  .     t - +0 pair of gloves
SustAt +         Harm     .     (no boots)
MR     +....                    E - amulet of magic regeneration
Stlth  ++........               (no ring)
                                m - ring of sustain attributes

@: drained, somewhat resistant to hostile enchantments, unstealthy
A: no striking features
a: Renounce Religion


You were on level 1 of the Lair of Beasts.
You worshipped Vehumet.
Vehumet was greatly pleased with you.
You were not hungry.

You visited 3 branches of the dungeon, and saw 12 of its levels.
You also visited: Ossuary.

You collected 517 gold pieces.
You spent 178 gold pieces at shops.

Inventory:

Hand Weapons
 a - a +2 whip of draining (weapon)
 X - a +0 blowgun
Missiles
 v - 5 tomahawks (quivered)
 J - 2 throwing nets
 W - 39 poisoned needles
Armour
 q - a +0 robe of positive energy (worn)
 t - a +0 pair of gloves (worn)
 A - a +0 helmet (worn)
 O - a +0 cloak (worn)
Jewellery
 m - a ring of sustain attributes (left hand)
 E - an amulet of magic regeneration (around neck)
Wands
 G - a wand of lightning (0/15)
 S - a wand of polymorph (12/24)
 V - a wand of heal wounds (0/9)
 Z - a wand of paralysis (14/24)
Scrolls
 f - 4 scrolls of remove curse {unknown}
 h - 3 scrolls of magic mapping {unknown}
 i - 5 scrolls of blinking {unknown}
 j - 15 scrolls of identify {unknown}
 l - 4 scrolls of random uselessness {unknown}
 p - 3 scrolls of teleportation {unknown}
 u - 4 scrolls of recharging {unknown}
 B - 3 scrolls of fear {unknown}
Potions
 d - 4 potions of flight {unknown}
 e - 5 potions of curing {unknown}
 g - 3 potions of degeneration {unknown}
 n - 4 potions of heal wounds {unknown}
 o - 5 potions of might {unknown}
 s - 4 potions of lignification {unknown}
 L - 4 potions of brilliance {unknown}
 M - 3 potions of ambrosia {unknown}
 N - 3 potions of mutation {unknown}
 R - 2 potions of magic {unknown}
Comestibles
 b - a beef jerky
 c - 7 bread rations
 k - 28 fruits
 w - 3 chunks of flesh


   Skills:
 + Level 3.8(2.7) Fighting
 + Level 6.0(4.9) Dodging
 - Level 2.4(1.3) Stealth
 + Level 9.9(8.6) Spellcasting
 * Level 12.2(10.8) Conjurations
 - Level 7.0(5.8) Hexes
 - Level 7.0(5.8) Charms
 + Level 3.2(2.2) Earth Magic


You had 4 spell levels left.
You knew the following spells:

 Your Spells              Type           Power        Failure   Level  Hunger
a - Magic Dart            Conj           ####         1%          1    None
b - Searing Ray           Conj           ######       1%          2    None
c - Dazzling Spray        Conj/Hex       ######..     1%          3    None
d - Iskenderun's Mystic   Conj           ######..     1%          4    ##.....
f - Bolt of Magma         Conj/Fire/Erth ####......   8%          5    ####...
g - Iskenderun's Battles  Conj/Chrm      ######..     1%          5    ####...
h - Fulminant Prism       Conj/Hex       ######....   1%          4    ##.....


Dungeon Overview and Level Annotations

Branches:
Dungeon (10/15)            Temple (1/1) D:6            Lair (1/8) D:10
    Orc (0/2) D:9

Altars:
Ashenzari
Cheibriados
Dithmenos
Elyvilon
Fedhas
Gozag
Kikubaaqudgha
Makhleb
Nemelex Xobeh
Okawaru
Pakellas
Qazlal
Ru
Sif Muna
Trog
Vehumet
Xom
Yredelemnul
Zin
The Shining One
Beogh

Shops:
D:4 *   D:7 :

Annotations:
Lair:1 Wooh's ghost, novice DrFi


Message History

Evoking this partially-identified wand wasted a few charges.
Unknown command.
Evoke which item? (* to show all) (? for menu, Esc to quit)
Zapping:
G - a wand of lightning {zapped: 3} (will waste charges)
Press: ? - help, Shift-Dir - straight line Nothing appears to happen.
Wooh's ghost closely misses you.
Unknown command.
Unknown command.
Unknown command.
Casting: Iskenderun's Mystic Blast
Confirm with . or Enter, or press ? or * to list all spells.
Okay, then.
Casting: Iskenderun's Mystic Blast
Confirm with . or Enter, or press ? or * to list all spells.
Aiming: Dazzling Spray
Press: ? - help, Shift-Dir - straight line, f - Wooh's ghost
Aim: Wooh's ghost (severely damaged)
The spray of energy misses Wooh's ghost.
Wooh's ghost hits you!
You die...

##(.# ....# ###
### .##.##.. ..#
.##.##.# # #.P
....#..# .## #..
#...#..# #.. #.#
#....#.###.#.#
#.## .............
#.P#
.........#######@#
.≈...#.....#PP##W#
≈..)##...........#
♣≈..##P†##########
P≈♣.###..#
≈≈♣♣##.W## ≈P
##..#### #..W..#
#####.#


You could see Wooh's ghost.

Vanquished Creatures
  A spiny frog (Lair:1)
  2 trolls
  Grinder (D:3)
  Sigmund (D:2)
  A wraith (D:10)
  3 yaks (D:10)
  2 hippogriffs
  A swamp worm (Lair:1)
  2 wargs (D:10)
  5 orc warriors
  2 water moccasins
  An ice beast (D:6)
  A porcupine (Lair:1)
  A sky beast (D:10)
  5 phantoms
  A necrophage (D:9)
  3 ogres
  6 centaurs
  A crocodile (D:10)
  2 big kobolds
  A giant frog (D:8)
  An elf zombie (Ossuary)
  3 scorpions
  4 wights (D:9)
  A howler monkey (D:6)
  A crimson imp (D:8)
  3 centaur zombies
  A giant frog zombie (D:9)
  A jelly (D:7)
  2 human zombies (Ossuary)
  5 orc priests
  3 giant frog skeletons
  4 hounds
  6 orc wizards
  2 gnoll shamans (D:5)
  3 iguanas
  Jessica (D:5)
  Ijyb (D:3)
  7 worker ants
  2 hound zombies
  2 hound skeletons
  3 mummies (Ossuary)
  Robin (D:2)
  15 gnolls
  A worker ant zombie (D:9)
  A howler monkey skeleton (D:4)
  12 river rats
  10 adders
  2 shadow imps
  2 oozes
  An adder skeleton (D:9)
  4 adder zombies
  4 worms
  4 dart slugs
  9 giant geckos
  29 orcs
  5 bats
  9 giant cockroaches
  11 goblins
  8 hobgoblins
  9 jackals
  11 kobolds
  4 quokkas
  A giant gecko skeleton (D:5)
  A giant gecko zombie (D:5)
  5 giant newts
  2 gnoll zombies (Ossuary)
  8 goblin zombies (Ossuary)
  6 hobgoblin zombies (Ossuary)
  A jackal skeleton (D:6)
  3 jackal zombies (Ossuary)
  2 kobold zombies (Ossuary)
  2 orc zombies (Ossuary)
  3 quokka zombies (Ossuary)
  62 rats
  2 rat zombies (Ossuary)
349 creatures vanquished.

Vanquished Creatures (others)
  A boulder beetle (D:3)
  14 fulminant prisms
15 creatures vanquished.

Grand Total: 364 creatures vanquished

Notes
Turn   | Place    | Note
--------------------------------------------------------------
     0 | D:1      | mopl the Deep Elf Conjurer began the quest for the Orb.
     0 | D:1      | Reached XP level 1. HP: 10/10 MP: 6/6
   452 | D:1      | Reached XP level 2. HP: 15/15 MP: 5/8
   698 | D:1      | Reached skill level 5 in Conjurations
   737 | D:1      | Learned a level 2 spell: Searing Ray
   983 | D:2      | Noticed Robin
  1204 | D:1      | Reached XP level 3. HP: 14/19 MP: 5/10
  1214 | D:1      | Learned a level 3 spell: Dazzling Spray
  1297 | D:2      | You fall through a shaft!
  1297 | D:3      | Noticed Grinder
  1333 | D:4      | Noticed an ogre
  1339 | D:4      | Killed an ogre
  1339 | D:4      | Reached skill level 4 in Spellcasting
  1339 | D:4      | Reached skill level 6 in Conjurations
  1339 | D:4      | Reached XP level 4. HP: 24/24 MP: 6/12
  1350 | D:4      | Learned a level 4 spell: Iskenderun's Mystic Blast
  1557 | D:4      | Reached XP level 5. HP: 28/28 MP: 8/14
  1603 | D:4      | Found a snail-covered altar of Cheibriados.
  1681 | D:4      | Reached skill level 5 in Spellcasting
  2108 | D:2      | Learned a level 4 spell: Fulminant Prism
  2122 | D:2      | Killed Robin
  2144 | D:2      | Reached skill level 1 in Hexes
  2172 | D:2      | Reached skill level 7 in Conjurations
  2344 | D:2      | Noticed Sigmund
  2378 | D:2      | Reached XP level 6. HP: 29/32 MP: 10/15
  3221 | D:2      | Killed Sigmund
  3221 | D:2      | Reached skill level 2 in Hexes
  3454 | D:3      | Killed Grinder
  3454 | D:3      | Reached skill level 6 in Spellcasting
  3454 | D:3      | Reached skill level 8 in Conjurations
  3454 | D:3      | Reached skill level 3 in Hexes
  3454 | D:3      | Reached XP level 7. HP: 36/36 MP: 3/18
  3542 | D:3      | Noticed Ijyb
  3544 | D:3      | Killed Ijyb
  3560 | D:3      | Found an oddly glowing altar of Pakellas.
  3560 | D:3      | Noticed a boulder beetle
  3571 | D:3      | Killed a boulder beetle
  3670 | D:3      | Learned a level 5 spell: Iskenderun's Battlesphere
  3950 | D:4      | Found Xecret's Assorted Antiques.
  3962 | D:4      | Bought an ivory wand for 92 gold pieces
  3962 | D:4      | Bought a sapphire potion for 20 gold pieces
  3962 | D:4      | Bought a scroll labeled JUOVUW TABUG for 23 gold pieces
  3962 | D:4      | Bought a ruby potion for 20 gold pieces
  4056 | D:5      | Entered Level 5 of the Dungeon
  4072 | D:5      | Reached skill level 1 in Charms
  4091 | D:5      | Reached skill level 4 in Hexes
  4169 | D:5      | Found a sand-covered staircase.
  4219 | Ossuary  | Entered an ossuary
  4428 | Ossuary  | Reached skill level 2 in Charms
  4462 | Ossuary  | Reached skill level 7 in Spellcasting
  4462 | Ossuary  | Reached XP level 8. HP: 37/41 MP: 1/20
  4678 | Ossuary  | Reached skill level 3 in Charms
  4755 | Ossuary  | Reached skill level 9 in Conjurations
  5100 | D:4      | Bought a scroll labeled JUOVUW TABUG for 23 gold pieces
  5242 | D:5      | Reached skill level 4 in Charms
  5291 | D:5      | Found a stormy altar of Qazlal.
  5293 | D:5      | Noticed an air elemental
  5478 | D:5      | Noticed Jessica
  5485 | D:5      | Killed Jessica
  5497 | D:5      | Found a deep blue altar of Sif Muna.
  5689 | D:6      | Reached skill level 5 in Hexes
  5702 | D:6      | Found a staircase to the Ecumenical Temple.
  5714 | Temple   | Entered the Ecumenical Temple
  5752 | Temple   | Became a worshipper of Vehumet
  5942 | D:6      | Reached * piety under Vehumet
  5942 | D:6      | Offered knowledge of Shock by Vehumet.
  6302 | D:6      | Reached skill level 10 in Conjurations
  6596 | D:7      | Found an iron altar of Okawaru.
  6818 | D:7      | Reached skill level 8 in Spellcasting
  6818 | D:7      | Reached skill level 5 in Charms
  6818 | D:7      | Reached XP level 9. HP: 46/46 MP: 18/23
  6828 | D:7      | Found Sysmaclu's Book Shop.
  6865 | D:7      | Reached ** piety under Vehumet
  6865 | D:7      | Offered knowledge of Throw Flame by Vehumet.
  7388 | D:8      | Reached skill level 1 in Fighting
  7388 | D:8      | Reached skill level 3 in Dodging
  7388 | D:8      | Reached skill level 6 in Hexes
  8016 | D:9      | Noticed a troll
  8023 | D:9      | Killed a troll
  8023 | D:9      | Reached skill level 6 in Charms
  8074 | D:9      | Offered knowledge of Static Discharge by Vehumet.
  8084 | D:9      | Reached skill level 2 in Fighting
  8120 | D:9      | Reached skill level 4 in Dodging
  8226 | D:9      | Found a staircase to the Orcish Mines.
  8249 | D:9      | Reached skill level 11 in Conjurations
  8423 | D:9      | Reached skill level 9 in Spellcasting
  8427 | D:9      | Found a roughly hewn altar of Beogh.
  8609 | D:9      | Reached *** piety under Vehumet
  8879 | D:9      | Reached skill level 7 in Hexes
  8879 | D:9      | Reached XP level 10. HP: 54/54 MP: 20/25
  9140 | D:9      | Learned a level 5 spell: Bolt of Magma
  9163 | D:10     | Entered Level 10 of the Dungeon
  9196 | D:10     | Offered knowledge of Ignite Poison by Vehumet.
  9216 | D:10     | Reached skill level 5 in Dodging
  9216 | D:10     | Reached skill level 7 in Charms
  9244 | D:10     | Found a staircase to the Lair.
  9265 | Lair:1   | Entered Level 1 of the Lair of Beasts
  9267 | Lair:1   | Noticed a spiny frog
  9272 | Lair:1   | Killed a spiny frog
  9404 | D:10     | Reached skill level 1 in Earth Magic
  9412 | D:10     | Reached skill level 3 in Fighting
  9494 | D:10     | Reached skill level 2 in Earth Magic
  9780 | D:10     | Reached skill level 12 in Conjurations
  9868 | D:10     | Found a sacrificial altar of Ru.
 10028 | D:10     | Reached **** piety under Vehumet
 10244 | D:9      | Offered knowledge of Irradiate by Vehumet.
 10530 | Lair:1   | Reached skill level 3 in Earth Magic
 10542 | Lair:1   | Reached skill level 6 in Dodging
 10607 | Lair:1   | Noticed Wooh's ghost (novice DrFi)
 10658 | Lair:1   | Slain by Wooh's ghost

Skill      XL: |  1  2  3  4  5  6  7  8  9 10 |
---------------+-------------------------------+-----
Conjurations   | 5 6 7 8 10 11 12 | 12.2
Spellcasting   | 4 5 6 7 8 9 |  9.9
Hexes          | 1 3 4 5 7 |  7.0
Charms         | 2 5 6 7 |  7.0
Fighting       | 2 3 |  3.8
Dodging        | 4 6 |  6.0
Earth Magic    | 3 |  3.2
Stealth        | |  2.4

Action                   |  1- 3 |  4- 6 |  7- 9 | 10-12 || total
-------------------------+-------+-------+-------+-------++-------
Melee: Unarmed           |     1 |     1 |     1 |       ||     3
       Whip              |       |       |    42 |       ||    42
 Cast: Magic Dart        |    55 |    94 |   195 |    99 ||   443
       Searing Ray       |     1 |    12 |    40 |     4 ||    57
       Iskenderun's Myst |       |     4 |    31 |     9 ||    44
       Dazzling Spray    |       |     3 |    43 |    13 ||    59
       Fulminant Prism   |       |       |    11 |     3 ||    14
       Iskenderun's Batt |       |       |     3 |    20 ||    23
Evoke: Wand              |       |       |       |     2 ||     2
 Stab: Sleeping          |       |       |     1 |       ||     1
  Eat: Chunk             |     1 |     7 |    15 |     6 ||    29
       Pizza             |       |       |     1 |       ||     1
       Beef jerky        |       |       |     2 |       ||     2
       Fruit             |       |       |       |     4 ||     4
Armor: Robe              |     4 |     6 |    17 |     2 ||    29
Dodge: Dodged            |    11 |    25 |    79 |    20 ||   135
